 Dungeon Crawl Stone Soup version 0.26-a0-1205-g4083c211ab (webtiles) character file.

Game seed: 12268019605356379383

14 CurlyBrace the Sneak (level 2, -6/14 HPs)
             Began as a Felid Delver on Dec 29, 2020.
             Engulfed by a steam dragon's steam (8 damage)
             ... on level 10 of the Dungeon.
             The game lasted 00:00:32 (51 turns).

CurlyBrace the Sneak (Felid Delver)                   Turns: 51, Time: 00:00:33

Health: -6/14      AC:  1    Str:  8    XL:     2   Next: 27%
Magic:  3/3        EV: 18    Int: 11    God:
Gold:   17         SH:  0    Dex: 17    Spells: 1/1 levels left
                                        Lives:  0   Deaths: 0

rFire    . . .     SeeInvis +     - Unarmed
rCold    . . .     Faith    .   (shield unavailable)
rNeg     . . .     Spirit   .   (armour unavailable)
rPois    .         Reflect  .   (helmet unavailable)
rElec    .         Harm     .   (cloak unavailable)
rCorr    .         Rampage  .   (gloves unavailable)
Will     .....                  (boots unavailable)
Stlth    ++++......             (no amulet)
HPRegen  0.04/turn              (no ring)
MPRegen  0.08/turn              (no ring)

@: quick
A: very small, no armour, no weapons or thrown items, stealth, claws 1, fangs 3,
see invisible, speed 1, shaggy fur 1, sharp paws
a: no special abilities


You were on level 10 of the Dungeon.
You visited 1 branch of the dungeon, and saw 4 of its levels.

You collected 17 gold pieces.

Inventory:

Wands
 d - a wand of iceblast (10)
   (You found it on level 5 of the Dungeon)
 v - a wand of digging (3)
Scrolls
 a - a scroll of fog
 b - a scroll of immolation {unknown}
 c - a scroll of fear
 e - a scroll of enchant weapon {unknown}
Potions
 h - a potion of haste


   Skills:
 - Level 3.0 Fighting
 - Level 3.0 Dodging
 + Level 6.8 Stealth
 * Level 2.5 Unarmed Combat


You had one spell level left.
You didn't know any spells.
Your spell library was empty.

Dungeon Overview and Level Annotations

Branches:
Dungeon (7/15)
 Temple: D:4-7

Altars:


Innate Abilities, Weirdness & Mutations

You cannot wear armour.
You are incapable of wielding weapons or throwing items.
Your paws allow you to move quietly. (Stealth)
You have sharp claws.
You have razor-sharp teeth.
You have supernaturally acute eyesight. (SInv)
You cover ground quickly.
You are covered in fur. (AC +1)
Your sharp claws are effective at attacking unaware monsters.


Message History

The helpless polar bear fails to defend itself.
You mangle the polar bear!!
The polar bear is heavily wounded.
The polar bear barely misses you. The polar bear claws you.
The polar bear misses you.
Unknown command.
The yak bellows!
A black bear comes into view.
A polar bear comes into view.
The polar bear growls angrily.
The orc shouts!
The black bear growls angrily.
A steam dragon comes into view.
The steam dragon hisses angrily.
The steam dragon breathes steam at you. The ball of steam hits you!
Ouch! That really hurt!
* * * LOW HITPOINT WARNING * * *
You hear an angry buzzing noise. x2; You hear a shout!
You hear an angry buzzing noise. x2
You are engulfed in a cloud of scalding steam.
Ouch! That really hurt!
You die...

≈≈≈≈h≈≈≈≈≈≈≈≈≈≈...#
≈...h≈≈≈.≈.....$..###
......≈≈o.≈..........
.........≈≈≈.........
......Zhh.....#######
#########.#...###
.......§§Y########
......§§§Y§.......
.......§§§@.......
......§###########
....... ....D..
....... .......
.......


You could see a polar bear, a yak, an ice beast and a centaur skeleton.

Vanquished Creatures
  An adder (D:7)
  2 orcs (D:6)
3 creatures vanquished.

Notes
Turn   | Place    | Note
-------+----------+-------------------------------------------
     0 | D:5      | CurlyBrace the Felid Delver began the quest for the Orb.
     0 | D:5      | Reached XP level 1. HP: 10/10 MP: 2/2
    32 | D:7      | Reached XP level 2. HP: 14/14 MP: 3/3
    36 | D:7      | You fall into a shaft and drop 3 floors!
    36 | D:10     | Entered Level 10 of the Dungeon
    36 | D:10     | Noticed an ice beast
    36 | D:10     | Noticed a yak
    36 | D:10     | Noticed a polar bear
    43 | D:10     | Noticed a black bear
    43 | D:10     | Noticed a polar bear
    46 | D:10     | Noticed a steam dragon
    51 | D:10     | Engulfed by a steam dragon's steam

Illustrated notes

Levels and vault maps discovered:
D:5:      layout_basic, minmay_temple_entry_waves, gup_ossuary_entry_pyramid,
          uniq_sigmund
D:6:      layout_basic
D:7:      layout_basic, lightli_temple_of_fire, basic_altar
D:10:     layout_long_grid, serial_ice, serial_ice_m, serial_ice_c,
          serial_ice_k, serial_ice_f, serial_ice_h, uniq_grum

Skill      XL: |  1 |
---------------+----+-----
Dodging        | 3 |  3.0
Fighting       | |  3.0
Stealth        | |  6.8
Unarmed Combat | |  2.5

Action                   || total
-------------------------++-------
Melee: Unarmed           ||     4
  Use: Scroll            ||     1
 Stab: Sleeping          ||     4
Dodge: Dodged            ||     2

Table legend: (Time is in decaauts)
 A = Elapsed time spent in this place.
 B = Non-inter-level travel time spent in this place.
 C = Inter-level travel time spent in this place.
 D = Time resting spent in this place.
 E = Time spent auto-exploring this place.
 F = Levels seen in this place.
 G = Mean time per level.
                   A        B        C        D        E       F      G
               +--------+--------+--------+--------+--------+-----+--------+
         Total |     42 |     42 |      0 |      0 |      0 |   4 |   10.5 |
       Dungeon |     42 |     42 |      0 |      0 |      0 |   4 |   10.5 |
               +--------+--------+--------+--------+--------+-----+--------+

Top non-repeatable levels by time:
     D:6: 19 daAuts
    D:10: 12 daAuts
     D:5: 6 daAuts
     D:7: 5 daAuts
